 Dungeon Crawl Stone Soup version 0.22-a0-996-ge17abb2 (webtiles) character file.

394 Charun the Chiller (level 6, -7/50 HPs)
             Began as a Draconian Ice Elementalist on June 14, 2020.
             Killed by divine providence
             ... invoked by an orc priest
              (9 damage)
             ... on level 7 of the Dungeon.
             The game lasted 00:19:31 (4411 turns).

Charun the Chiller (Draconian Ice Elementalist)     Turns: 4411, Time: 00:19:32

Health: -7/50      AC:  7    Str: 11      XL:     6   Next: 52%
Magic:  9/9        EV: 12    Int: 24      God:
Gold:   161        SH:  0    Dex:  7 (11) Spells: 5/11 levels left

rFire    . . .     SeeInvis .   t - +0 dagger
rCold    . . .     Gourm    .   (no shield)
rNeg     + . .     Faith    .   (helmet restricted)
rPois    .         Spirit   .   o - +0 cloak
rElec    .         Reflect  .   (no gloves)
rCorr    .         Harm     .   (no boots)
MR       .....                  (no amulet)
Stlth    ++........             q - ring of positive energy
HPRegen  0.16/turn              (no ring)
MPRegen  0.11/turn

@: brilliant, flying
A: unfitting armour, beak, stinger 1, clever 1, low mp 1, cold-blooded, AC +6
a: no special abilities


You were on level 7 of the Dungeon.
You were not hungry.
You have taken no pledge.
You visited 1 branch of the dungeon, and saw 7 of its levels.

You collected 161 gold pieces.

Inventory:

Hand Weapons
 t - a +0 dagger (weapon)
Missiles
 i - a throwing net (quivered)
Armour
 f - a +0 buckler
 o - a +0 cloak (worn)
Jewellery
 q - a ring of positive energy (left hand)
Wands
 m - a wand of random effects (19)
Scrolls
 e - 5 scrolls of identify {unknown}
 g - a scroll of immolation {unknown}
 j - 2 scrolls of teleportation {unknown}
 k - a scroll of enchant armour {unknown}
 n - 2 scrolls of fear {unknown}
 p - a scroll of fog {unknown}
 v - a scroll of recharging {unknown}
Potions
 d - 2 potions of agility
 l - a potion of curing
 r - a potion of mutation
 s - 2 potions of flight
 u - a potion of lignification {unknown}
Comestibles
 b - 4 rations


   Skills:
 + Level 2.8 Fighting
 + Level 3.2 Dodging
 - Level 2.0 Stealth
 + Level 2.5 Shields
 + Level 3.3 Spellcasting
 - Level 1.0 Conjurations
 + Level 4.3 Ice Magic


You had 5 spell levels left.
You knew the following spells:

 Your Spells              Type           Power        Failure   Level  Hunger
a - Freeze                Ice            ####         1%          1    None
b - Throw Frost           Conj/Ice       ####..       1%          2    #......
c - Ozocubu's Armour      Chrm/Ice       ####....     1%          3    ###....

Your spell library contained the following spells:

 Spells                   Type           Power        Failure   Level  Hunger
 Summon Ice Beast         Ice/Summ       ####....     4%          4    ####...
 Throw Icicle             Conj/Ice       ####....     4%          4    ####...


Dungeon Overview and Level Annotations

Branches:
Dungeon (7/15)
 Temple: D:4-7

Altars:
Hepliaklqana

Annotations:
D:3 Charun's ghost, amateur MfTm
D:4 Dowan; Duvessa
D:6 Charun's ghost, amateur DsFE


Innate Abilities, Weirdness & Mutations

Your plain brown scales are hard. (AC +6)
You cannot fit into any form of body armour.
You are cold-blooded and may be slowed by cold attacks.
You have a beak for a mouth.
Your tail ends in a poisonous barb.
Your mind is acute. (Int +2)
Your magical capacity is low. (-10% MP)


Message History

Press: ? - help, Shift-Dir - straight line, f - orc, p - orc priest
Aim: an orc, wielding a club You freeze the orc.
The orc is heavily wounded.
The orc hits you but does no damage.
It was a potion of mutation.
You feel extremely strange.
You feel less energetic.
Your mouth lengthens and hardens into a beak!
A poisonous barb forms on the end of your tail.
You feel clever. The orc closely misses you.
It was a potion of flight.
You feel very buoyant.
You fly up into the air.
It was a potion of brilliance.
You feel clever all of a sudden.
It was a potion of magic.
Magic courses through your body.
The orc priest calls down the wrath of Beogh upon you.
Beogh smites you!
You die...

o# #.# ##.# #.#
#.. #.# #.# #.#
#.# #.# #.# #.#
#.# #.#
#.########.#
#o#oo@.....#
#o#o########
#.#.## #[.o.####
#.......#
##...##.#
##.###.#
###########.....#
.......<.....####


You could see an orc warrior, an orc priest and an orc.

Vanquished Creatures
  2 howler monkeys (D:4)
  A hound (D:3)
  A jelly (D:5)
  An orc priest (D:7)
  2 worker ants
  A gnoll (D:4)
  6 adders
  A worm (D:2)
  A dart slug (D:1)
  7 leopard geckos
  8 orcs
  4 giant cockroaches
  17 hobgoblins
  3 quokkas
  A ball python (D:2)
  5 bats
  6 frilled lizards
  12 goblins
  10 kobolds
  10 rats
99 creatures vanquished.

Notes
Turn   | Place    | Note
-------+----------+-------------------------------------------
     0 | D:1      | Charun the Draconian Ice Elementalist began the quest for the Orb.
     0 | D:1      | Reached XP level 1. HP: 14/14 MP: 3/3
   241 | D:1      | Reached XP level 2. HP: 3/20 MP: 1/5
   247 | D:1      | Learned a level 2 spell: Throw Frost
  1057 | D:2      | Reached XP level 3. HP: 27/27 MP: 2/6
  1203 | D:2      | Learned a level 3 spell: Ozocubu's Armour
  1334 | D:2      | Found a hazy altar of Hepliaklqana.
  1386 | D:2      | Reached skill level 1 in Fighting
  1386 | D:2      | Reached skill level 1 in Shields
  1701 | D:2      | Reached XP level 4. HP: 35/35 MP: 2/7
  2484 | D:3      | Noticed Charun's ghost (amateur MfTm)
  2928 | D:4      | Reached XP level 5. HP: 33/41 MP: 0/9
  2988 | D:4      | Noticed Duvessa
  2988 | D:4      | Noticed Dowan
  3048 | D:4      | Noticed a phantom
  3544 | D:4      | Reached skill level 4 in Ice Magic
  3587 | D:3      | Reached XP level 6. HP: 12/50 MP: 1/10
  3975 | D:5      | Entered Level 5 of the Dungeon
  4012 | D:5      | HP: 2/50 [centaur skeleton (4)]
  4014 | D:5      | You fall through a shaft!
  4086 | D:6      | Noticed Charun's ghost (amateur DsFE)
  4379 | D:7      | Noticed an orc warrior
  4403 | D:7      | HP: 1/50 [orc priest/nerve-wracking pain (4)]
  4408 | D:7      | Gained mutation: Your magical capacity is low. (-10% MP) [potion of mutation]
  4408 | D:7      | Gained mutation: You have a beak for a mouth. [potion of mutation]
  4408 | D:7      | Gained mutation: Your tail ends in a poisonous barb. [potion of mutation]
  4408 | D:7      | Gained mutation: Your mind is acute. (Int +2) [potion of mutation]
  4411 | D:7      | Killed from afar by an orc priest

Vault maps used:
D:1:      erik_arrival_blinker_ship
D:2:      overflow_temple_1_default, hangedman_abyss_or_decor_lesser_grid
D:4:      corexii_shantytown, uniq_duvessa
D:5:      old_standard_altar, minmay_temple_entry_glass, first_ration
D:6:      uniq_sigmund, uniq_edmund, uniq_crazy_yiuf_cottage

Skill      XL: |  1  2  3  4  5 |
---------------+----------------+-----
Stealth        | 2 |  2.0
Dodging        | 2 3 |  3.2
Fighting       | 1 2 |  2.8
Shields        | 1 2 |  2.5
Spellcasting   | 3 |  3.3
Ice Magic      | 4 |  4.3
Conjurations   | |  1.0

Action                   |  1- 3 |  4- 6 || total
-------------------------+-------+-------++-------
Melee: Unarmed           |    36 |     4 ||    40
       Tailslap          |     4 |     1 ||     5
       Dagger            |       |    13 ||    13
 Cast: Freeze            |    60 |   135 ||   195
       Throw Frost       |     5 |     2 ||     7
       Ozocubu's Armour  |     1 |       ||     1
Evoke: Wand              |     1 |       ||     1
  Use: Potion            |       |     4 ||     4
 Stab: Sleeping          |     2 |       ||     2
  Eat: Chunk             |     4 |     7 ||    11
       Ration            |       |     1 ||     1
Armor: Skin              |    22 |    80 ||   102
Dodge: Dodged            |    42 |   135 ||   177

Table legend:
 A = Spawn XP
 B = Non-spawn XP
 C = Spawn XP percentage of total XP
 D = Spawn monster count
 E = Non-spawn monster count
 F = Spawn count percentage of total count
 G = Total turns spent on level
                    A         B        C        D         E        F      G
               +---------+---------+-------+---------+---------+-------+---------
         Total |       0 |     564 |   0.0 |       0 |      99 |   0.0 |  4411
               +---------+---------+-------+---------+---------+-------+---------
           D:1 |       0 |      29 |   0.0 |       0 |      18 |   0.0 |  1048
           D:2 |       0 |      93 |   0.0 |       0 |      34 |   0.0 |  1180
           D:3 |       0 |     150 |   0.0 |       0 |      26 |   0.0 |  1098
           D:4 |       0 |     173 |   0.0 |       0 |      18 |   0.0 |   649
           D:5 |       0 |      42 |   0.0 |       0 |       1 |   0.0 |    39
           D:6 |       0 |      36 |   0.0 |       0 |       1 |   0.0 |    78
           D:7 |       0 |      41 |   0.0 |       0 |       1 |   0.0 |   319
               +---------+---------+-------+---------+---------+-------+---------
